[Event "23rd ETCC Open 2021"]
[Site "Catez"]
[Date "2021.11.12"]
[Round "1.66"]
[White "Dastan, Muhammed Batuhan"]
[Black "Uruci, Endrit"]
[Result "0-1"]
[ECO "D10"]
[WhiteElo "2572"]
[BlackElo "2322"]
[Annotator "ChessBase"]
[PlyCount "60"]
[EventDate "2021.11.08"]
[EventType "team-tourn"]
[EventCountry "SLO"]
[SourceTitle "playchess.com"]
[Source "ChessBase"]
[SourceQuality "1"]
[WhiteTeam "Turkey"]
[BlackTeam "Kosovo"]
[WhiteTeamCountry "TUR"]
[BlackTeamCountry "KOS"]
[TimeControl "40/5400+30:1800+30"]

1. d4 d5 2. c4 c6 3. cxd5 cxd5 4. Bf4 Nc6 5. e3 Bf5 6. Qb3 Qb6 7. Qxb6 axb6 8.
Nc3 e6 9. Rc1 Nf6 10. Bb5 Rc8 11. Nf3 Bb4 12. Nh4 Bg6 13. a3 Bxc3+ 14. Rxc3 Nh5
15. Bd6 Kd7 16. Bb4 Kd8 17. Kd2 Nf6 18. f3 Ne8 19. Rhc1 Kd7 20. e4 dxe4 21.
Nxg6 hxg6 22. fxe4 Nf6 23. Ke3 Rxh2 24. Bf1 Rh4 25. Bd3 Ng4+ 26. Kf3 Nf6 27.
Ke3 Rg4 28. R1c2 Rg3+ 29. Kf2 Rxd3 30. Rxd3 Nxb4 0-1

[Event "23rd ETCC Open 2021"]
[Site "Catez"]
[Date "2021.11.12"]
[Round "1.67"]
[White "Makolli, Perparim"]
[Black "Can, Emre"]
[Result "0-1"]
[ECO "B89"]
[WhiteElo "2245"]
[BlackElo "2570"]
[Annotator "ChessBase"]
[PlyCount "78"]
[EventDate "2021.11.08"]
[EventType "team-tourn"]
[EventCountry "SLO"]
[SourceTitle "playchess.com"]
[Source "ChessBase"]
[SourceQuality "1"]
[WhiteTeam "Kosovo"]
[BlackTeam "Turkey"]
[WhiteTeamCountry "KOS"]
[BlackTeamCountry "TUR"]
[TimeControl "40/5400+30:1800+30"]

1. e4 c5 2. Nf3 d6 3. d4 cxd4 4. Nxd4 Nf6 5. Nc3 Nc6 6. Bc4 e6 7. Be3 Be7 8.
Qe2 a6 9. O-O-O Nxd4 10. Bxd4 b5 11. Bb3 O-O 12. e5 dxe5 13. Bxe5 Qb6 14. Ne4
Nxe4 15. Qxe4 Bg5+ 16. f4 Bb7 17. Qe2 Bh6 18. Rd6 Qc5 19. Rhd1 Bxg2 20. Kb1 Bh3
21. Rd7 Qc6 22. a4 Bf5 23. Rc7 Qb6 24. Rdd7 bxa4 25. Bxa4 Qa5 26. Bc6 Rad8 27.
Bc3 Qb6 28. Bd4 Qb8 29. Be5 Rxd7 30. Bxd7 Qb6 31. Rc6 Qb7 32. Rc7 Qh1+ 33. Ka2
f6 34. Bc6 Qc1 35. Bd6 Bxf4 36. Bxf8 Bxc7 37. Qxa6 Bxc2 38. Qc8 Qb1+ 39. Ka3
Qa1+ 0-1

[Event "23rd ETCC Open 2021"]
[Site "Catez"]
[Date "2021.11.12"]
[Round "1.68"]
[White "Gokerkan, Cem Kaan"]
[Black "Saraci, Korab"]
[Result "1-0"]
[ECO "C01"]
[WhiteElo "2444"]
[BlackElo "2149"]
[Annotator "NA"]
[PlyCount "113"]
[EventDate "2021.11.08"]
[EventType "team-tourn"]
[EventCountry "SLO"]
[SourceTitle "playchess.com"]
[Source "ChessBase"]
[SourceQuality "1"]
[WhiteTeam "Turkey"]
[BlackTeam "Kosovo"]
[WhiteTeamCountry "TUR"]
[BlackTeamCountry "KOS"]
[TimeControl "40/5400+30:1800+30"]

1. e4 e5 2. Nf3 Nf6 3. Nxe5 d6 4. Nf3 Nxe4 5. d3 Nf6 6. d4 d5 7. Bd3 Bd6 8.
Qe2+ Qe7 9. Qxe7+ Bxe7 10. O-O O-O 11. Bf4 c6 12. h3 Nbd7 13. Re1 Re8 14. Nbd2
Nf8 15. c3 Ng6 16. Bh2 Nh5 17. Ne5 Ngf4 18. Bf1 f6 19. Nd3 g5 20. Nxf4 Nxf4 21.
Bxf4 gxf4 22. Bd3 Bd7 23. Nf3 b5 24. Nh4 Bf8 25. Kf1 Rab8 26. Bf5 Bxf5 27. Nxf5
Re4 28. Rxe4 dxe4 29. Re1 Re8 30. f3 e3 31. g3 fxg3 32. Kg2 c5 33. Kxg3 cxd4
34. cxd4 e2 35. Kf2 Rd8 36. Ke3 Kf7 37. Rxe2 Re8+ 38. Kd3 Rxe2 39. Kxe2 Ke6 40.
Ne3 Bh6 41. d5+ Kd7 42. Kd3 Bf4 43. Ke4 Be5 44. b3 Kd6 45. Ng4 Bc3 46. Kf5 Kxd5
47. Nxf6+ Kd4 48. Nxh7 Kd3 49. h4 Bh8 50. f4 Kc2 51. Kg6 Kb2 52. f5 Bd4 53. f6
Kxa2 54. f7 Bc5 55. f8=Q Bxf8 56. Nxf8 a5 57. Ne6 1-0

[Event "23rd ETCC Open 2021"]
[Site "Catez"]
[Date "2021.11.12"]
[Round "1.69"]
[White "Andersen, Mads"]
[Black "Tate, Alan"]
[Result "1-0"]
[ECO "E08"]
[WhiteElo "2575"]
[BlackElo "2342"]
[Annotator "ChessBase"]
[PlyCount "47"]
[EventDate "2021.11.08"]
[EventType "team-tourn"]
[EventCountry "SLO"]
[SourceTitle "playchess.com"]
[Source "ChessBase"]
[SourceQuality "1"]
[WhiteTeam "Denmark"]
[BlackTeam "Scotland"]
[WhiteTeamCountry "DEN"]
[BlackTeamCountry "SCO"]
[TimeControl "40/5400+30:1800+30"]

1. d4 d5 2. c4 e6 3. Nf3 Nf6 4. g3 Be7 5. Bg2 O-O 6. O-O c6 7. Qc2 b6 8. Rd1
Bb7 9. b3 Nbd7 10. Nc3 Rc8 11. e4 c5 12. exd5 exd5 13. Nh4 cxd4 14. Rxd4 Bc5
15. Rd2 Bb4 16. Bb2 b5 17. a3 Bxc3 18. Qxc3 bxc4 19. Nf5 Nb6 20. Qe3 Rc7 21.
Bd4 Ne8 22. Re1 Kh8 23. Rde2 Bc8 24. Qxe8 1-0

[Event "23rd ETCC Open 2021"]
[Site "Catez"]
[Date "2021.11.12"]
[Round "1.71"]
[White "Rasmussen, Allan Stig"]
[Black "Muir, Andrew J"]
[Result "1-0"]
[ECO "B65"]
[WhiteElo "2577"]
[BlackElo "2254"]
[Annotator "ChessBase"]
[PlyCount "65"]
[EventDate "2021.11.08"]
[EventType "team-tourn"]
[EventCountry "SLO"]
[SourceTitle "playchess.com"]
[Source "ChessBase"]
[SourceQuality "1"]
[WhiteTeam "Denmark"]
[BlackTeam "Scotland"]
[WhiteTeamCountry "DEN"]
[BlackTeamCountry "SCO"]
[TimeControl "40/5400+30:1800+30"]

1. e4 c5 2. Nf3 Nc6 3. d4 cxd4 4. Nxd4 Nf6 5. Nc3 d6 6. Bg5 e6 7. Qd2 Be7 8.
O-O-O O-O 9. f4 Nxd4 10. Qxd4 Qa5 11. Kb1 Rd8 12. h4 Bd7 13. Qe3 Bc6 14. Bd3 h6
15. Qh3 Rd7 16. g4 Kf8 17. f5 Qe5 18. Bxf6 gxf6 19. Rhf1 Kg7 20. Ne2 d5 21.
fxe6 fxe6 22. exd5 Bxd5 23. Nf4 Rad8 24. Rde1 Be4 25. Bxe4 Qxe4 26. a3 Rd1+ 27.
Rxd1 Rxd1+ 28. Rxd1 Qxf4 29. Rd7 Kf8 30. Rxb7 Qd4 31. Qf3 Ke8 32. Qc6+ Kf8 33.
Qxe6 1-0

[Event "23rd ETCC Open 2021"]
[Site "Catez"]
[Date "2021.11.12"]
[Round "1.72"]
[White "Morrison, Graham"]
[Black "Hansen, Sune Berg"]
[Result "1-0"]
[ECO "D37"]
[WhiteElo "2251"]
[BlackElo "2543"]
[Annotator "ChessBase"]
[PlyCount "129"]
[EventDate "2021.11.08"]
[EventType "team-tourn"]
[EventCountry "SLO"]
[SourceTitle "playchess.com"]
[Source "ChessBase"]
[SourceQuality "1"]
[WhiteTeam "Scotland"]
[BlackTeam "Denmark"]
[WhiteTeamCountry "SCO"]
[BlackTeamCountry "DEN"]
[TimeControl "40/5400+30:1800+30"]

1. d4 d5 2. c4 e6 3. Nf3 a6 4. cxd5 exd5 5. Nc3 Nf6 6. Bg5 Be6 7. e3 Nbd7 8.
Bd3 Bd6 9. O-O c6 10. Bf4 Qc7 11. Bxd6 Qxd6 12. h3 h6 13. Qc2 O-O 14. b4 Rfe8
15. Rab1 Nb6 16. a4 Nfd7 17. a5 Nc8 18. Na4 Qe7 19. Nc5 Nf8 20. Ne5 Nd6 21.
Rbe1 Rad8 22. f4 Bc8 23. g4 f6 24. Ng6 Nxg6 25. Bxg6 Rf8 26. f5 Qc7 27. Kg2 b6
28. axb6 Qxb6 29. Qa4 Qc7 30. Qa2 Kh8 31. h4 Qe7 32. Qc2 Qc7 33. Rf2 a5 34. Qa4
axb4 35. Qxb4 Qe7 36. Qb1 Bd7 37. Rb2 Ra8 38. Rb3 Bc8 39. Qc2 Ra5 40. Kg1 Rd8
41. Qg2 Nc4 42. Nd3 Qa7 43. Qg3 Nd6 44. Nc5 Ra2 45. Reb1 Nb5 46. g5 fxg5 47.
hxg5 Qe7 48. Qf4 hxg5 49. Qg4 Kg8 50. Ne6 Bxe6 51. fxe6 Qf6 52. Bf7+ Kf8 53.
Rf1 Ke7 54. Rxf6 gxf6 55. Qd1 Rda8 56. Qc1 Nd6 57. Rb2 Ra1 58. Rb1 R1a7 59. Qc5
f5 60. Qxc6 Rc8 61. Qxd5 Rc2 62. e4 Raa2 63. exf5 Nc4 64. f6+ Kxf6 65. Rf1+ 1-0

[Event "23rd ETCC Open 2021"]
[Site "Catez"]
[Date "2021.11.12"]
[Round "1.73"]
[White "Kanyamarala, Tarun"]
[Black "Borisek, Jure"]
[Result "1/2-1/2"]
[ECO "D28"]
[WhiteElo "2321"]
[BlackElo "2595"]
[Annotator "ChessBase"]
[PlyCount "93"]
[EventDate "2021.11.08"]
[EventType "team-tourn"]
[EventCountry "SLO"]
[SourceTitle "playchess.com"]
[Source "ChessBase"]
[SourceQuality "1"]
[WhiteTeam "Ireland"]
[BlackTeam "Slovenia"]
[WhiteTeamCountry "IRL"]
[BlackTeamCountry "SLO"]
[TimeControl "40/5400+30:1800+30"]

1. d4 d5 2. c4 dxc4 3. Nf3 Nf6 4. e3 e6 5. Bxc4 c5 6. O-O Nc6 7. Qe2 a6 8. Nc3
b5 9. Bb3 Bb7 10. Rd1 Be7 11. d5 Nxd5 12. e4 Nd4 13. Nxd4 Nxc3 14. bxc3 cxd4
15. cxd4 O-O 16. Bb2 Re8 17. Rd3 Bf8 18. Rad1 Rc8 19. Rg3 g6 20. Rh3 Qg5 21.
Rg3 Qh4 22. Rg4 Qe7 23. Bc1 Bg7 24. Bg5 Qd7 25. Rf4 a5 26. e5 Rc3 27. h4 Rec8
28. d5 exd5 29. Rfd4 R3c5 30. Qe4 h6 31. Be3 Qe8 32. Bxd5 Bxd5 33. Rxd5 Rc4 34.
R1d4 a4 35. h5 g5 36. Qd3 Bxe5 37. Rd8 Bxd4 38. Rxe8+ Rxe8 39. Bxd4 Rd8 40. Qf5
Rcxd4 41. Qxb5 R8d5 42. Qb8+ Kg7 43. Qb2 g4 44. g3 Kf6 45. Qb8 Kg7 46. Qb2 Kf6
47. Qb8 1/2-1/2

[Event "23rd ETCC Open 2021"]
[Site "Catez"]
[Date "2021.11.12"]
[Round "1.74"]
[White "Skoberne, Jure"]
[Black "Jessel, Stephen"]
[Result "1-0"]
[ECO "A00"]
[WhiteElo "2562"]
[BlackElo "2297"]
[Annotator "ChessBase"]
[PlyCount "141"]
[EventDate "2021.11.08"]
[EventType "team-tourn"]
[EventCountry "SLO"]
[SourceTitle "playchess.com"]
[Source "ChessBase"]
[SourceQuality "1"]
[WhiteTeam "Slovenia"]
[BlackTeam "Ireland"]
[WhiteTeamCountry "SLO"]
[BlackTeamCountry "IRL"]
[TimeControl "40/5400+30:1800+30"]

1. g3 d5 2. Bg2 e5 3. d3 Nc6 4. a3 Be6 5. b4 Qd7 6. Bb2 f6 7. Nd2 h5 8. Ngf3 g5
9. h3 Nge7 10. Nb3 Ng6 11. h4 g4 12. Nfd2 b6 13. c4 Rd8 14. Qc2 d4 15. Ne4 Be7
16. Bc1 O-O 17. Bh6 Rf7 18. O-O Rc8 19. Bd2 Nf8 20. b5 Nd8 21. Bb4 Nh7 22. Bxe7
Qxe7 23. e3 f5 24. Ned2 dxe3 25. fxe3 f4 26. exf4 exf4 27. Rxf4 Rxf4 28. gxf4
Qxh4 29. d4 Qf6 30. Be4 Nf8 31. f5 Bd7 32. Bd5+ Nf7 33. Ne4 Qh6 34. Qd2 Qxd2
35. Nbxd2 Nh7 36. Be6 Bxe6 37. fxe6 Nfg5 38. d5 Kf8 39. Rf1+ Kg7 40. Ng3 Kg6
41. Nf5 Re8 42. a4 Nf6 43. Nh4+ Kg7 44. Rf5 Ngh7 45. Nf1 Kh6 46. Ng3 Rg8 47.
Re5 Ng5 48. Kg2 Nh3 49. Rf5 Kg7 50. Kh2 Rh8 51. Re5 Kh6 52. Ngf5+ Kh7 53. Kg3
Ng5 54. Re2 Nge4+ 55. Kf4 Nc5 56. Ke5 Ne8 57. e7 Rg8 58. d6 cxd6+ 59. Kd5 Nd3
60. Re3 Nf4+ 61. Kc6 Ng6 62. Re6 g3 63. Ng2 Ne5+ 64. Kb7 Nf7 65. Kxa7 Rg5 66.
Nfe3 Re5 67. Rxe5 Nxe5 68. Kxb6 Kg6 69. a5 Kg5 70. a6 Nd7+ 71. Ka5 1-0

[Event "23rd ETCC Open 2021"]
[Site "Catez"]
[Date "2021.11.12"]
[Round "1.75"]
[White "Nemeth, Zalan"]
[Black "Sebenik, Matej"]
[Result "0-1"]
[ECO "A13"]
[WhiteElo "2163"]
[BlackElo "2509"]
[Annotator "ChessBase"]
[PlyCount "82"]
[EventDate "2021.11.08"]
[EventType "team-tourn"]
[EventCountry "SLO"]
[SourceTitle "playchess.com"]
[Source "ChessBase"]
[SourceQuality "1"]
[WhiteTeam "Ireland"]
[BlackTeam "Slovenia"]
[WhiteTeamCountry "IRL"]
[BlackTeamCountry "SLO"]
[TimeControl "40/5400+30:1800+30"]

1. c4 e6 2. g3 d5 3. Bg2 Nf6 4. Nf3 d4 5. O-O Be7 6. e3 Nc6 7. exd4 Nxd4 8. b3
O-O 9. Na3 Nxf3+ 10. Bxf3 e5 11. Bb2 e4 12. Bg2 Re8 13. Re1 Bg4 14. Qc2 Bf5 15.
Nb5 Bg6 16. Qc3 a6 17. Nd4 Qd7 18. h3 Bd6 19. Qe3 Bc5 20. b4 Bxb4 21. Nb3 Rad8
22. Rad1 b6 23. c5 bxc5 24. Nxc5 Qb5 25. Nb3 Nd5 26. Qe2 Qxe2 27. Rxe2 Bh5 28.
g4 Bg6 29. d4 f5 30. a3 Bf8 31. Nd2 Nf4 32. Re3 Nxg2 33. Kxg2 f4 34. Ree1 Rb8
35. Bc1 e3 36. fxe3 fxe3 37. Nc4 Be4+ 38. Kg3 Bc2 39. Bxe3 Bxd1 40. Rxd1 Rb3
41. Kf2 Rc3 0-1

[Event "23rd ETCC Open 2021"]
[Site "Catez"]
[Date "2021.11.12"]
[Round "1.76"]
[White "Janzelj, Tim"]
[Black "Kanyamarala, Trisha"]
[Result "1-0"]
[ECO "D38"]
[WhiteElo "2474"]
[BlackElo "2089"]
[Annotator "ChessBase"]
[PlyCount "97"]
[EventDate "2021.11.08"]
[EventType "team-tourn"]
[EventCountry "SLO"]
[SourceTitle "playchess.com"]
[Source "ChessBase"]
[SourceQuality "1"]
[WhiteTeam "Slovenia"]
[BlackTeam "Ireland"]
[WhiteTeamCountry "SLO"]
[BlackTeamCountry "IRL"]
[TimeControl "40/5400+30:1800+30"]

1. d4 Nf6 2. c4 e6 3. Nf3 d5 4. Nc3 Bb4 5. cxd5 exd5 6. Bg5 h6 7. Bh4 O-O 8. e3
Bf5 9. Qb3 Bxc3+ 10. bxc3 Nbd7 11. Be2 Rb8 12. O-O Re8 13. Rfd1 Qe7 14. a4 Qe6
15. c4 Be4 16. Rac1 Rec8 17. Nd2 dxc4 18. Bxc4 Bd5 19. Bxd5 Qxd5 20. Bg3 Qxb3
21. Nxb3 Ne8 22. Rc2 Nb6 23. a5 Nd5 24. Rdc1 b6 25. a6 Ra8 26. Rc4 f5 27. Kf1
Kf7 28. Ke2 Ke7 29. f3 f4 30. Bxf4 Nxf4+ 31. exf4 Kd7 32. d5 Nf6 33. Rd4 Re8+
34. Kd3 Rad8 35. Rd1 c5 36. dxc6+ Kxc6 37. Kc4 b5+ 38. Kb4 Nd5+ 39. Ka5 Re3 40.
Rc1+ Kd6 41. Rc5 Ke6 42. Rxb5 Re2 43. f5+ Ke5 44. f4+ Kxf5 45. Rdxd5+ Rxd5 46.
Nd4+ Ke4 47. Nxe2 Rxb5+ 48. Kxb5 Ke3 49. Ng3 1-0

[Event "23rd ETCC Open 2021"]
[Site "Catez"]
[Date "2021.11.13"]
[Round "2.36"]
[White "Notkevich, Benjamin Arvola"]
[Black "Gabuzyan, Hovhannes"]
[Result "1-0"]
[ECO "B97"]
[WhiteElo "2471"]
[BlackElo "2598"]
[Annotator "ChessBase"]
[PlyCount "105"]
[EventDate "2021.11.08"]
[EventType "team-tourn"]
[EventCountry "SLO"]
[SourceTitle "playchess.com"]
[Source "ChessBase"]
[SourceQuality "1"]
[WhiteTeam "Norway"]
[BlackTeam "Armenia"]
[WhiteTeamCountry "NOR"]
[BlackTeamCountry "ARM"]
[TimeControl "40/5400+30:1800+30"]

1. e4 c5 2. Nf3 d6 3. d4 cxd4 4. Nxd4 Nf6 5. Nc3 a6 6. Bg5 e6 7. f4 Qb6 8. Qd2
Nc6 9. O-O-O Qxd4 10. Qxd4 Nxd4 11. Rxd4 Bd7 12. Be2 Bc6 13. Rhd1 Be7 14. Bf3
h6 15. Bxf6 gxf6 16. f5 h5 17. h4 Bf8 18. Kb1 Rd8 19. Ne2 Ke7 20. Nf4 Bh6 21.
Nxh5 Be3 22. R4d3 Bf2 23. fxe6 fxe6 24. Nf4 Be8 25. h5 Bf7 26. g4 Bg3 27. Ng2
Be5 28. Rb3 b5 29. Ne1 f5 30. Nd3 fxg4 31. Bxg4 Rdg8 32. Bf3 Bxh5 33. Bxh5 Rxh5
34. Nb4 Rg4 35. Nxa6 Rxe4 36. Rxb5 Reh4 37. c3 Rh1 38. Rxh1 Rxh1+ 39. Kc2 Rh2+
40. Kb3 Bf4 41. Nb4 e5 42. a4 Bc1 43. Nd3 Bd2 44. a5 e4 45. a6 Rh8 46. Nb4 e3
47. Kc2 Ra8 48. Rb7+ Ke6 49. a7 Be1 50. Nc6 e2 51. Rb8 Rxa7 52. Nxa7 Bh4 53.
Re8+ 1-0

[Event "23rd ETCC Open 2021"]
[Site "Catez"]
[Date "2021.11.13"]
[Round "2.38"]
[White "Van Foreest, Lucas"]
[Black "Pleasants, Allan J"]
[Result "1-0"]
[ECO "B08"]
[WhiteElo "2532"]
[BlackElo "2001"]
[Annotator "ChessBase"]
[PlyCount "93"]
[EventDate "2021.11.08"]
[EventType "team-tourn"]
[EventCountry "SLO"]
[SourceTitle "playchess.com"]
[Source "ChessBase"]
[SourceQuality "1"]
[WhiteTeam "Netherlands"]
[BlackTeam "Wales"]
[WhiteTeamCountry "NED"]
[BlackTeamCountry "WLS"]
[TimeControl "40/5400+30:1800+30"]

1. e4 g6 2. d4 Bg7 3. Nc3 d6 4. Nf3 c6 5. Be3 Nf6 6. Qd2 b5 7. Bd3 O-O 8. Bh6
Nbd7 9. a4 Bb7 10. Bxg7 Kxg7 11. e5 dxe5 12. dxe5 Ng4 13. e6 Nde5 14. Nxe5 Nxe5
15. Qe3 Nxd3+ 16. cxd3 f5 17. O-O a6 18. Ne2 Qd6 19. Rfc1 Rad8 20. Qb6 Rb8 21.
axb5 cxb5 22. Qxd6 exd6 23. Rc7+ Kf6 24. Nd4 Ke5 25. e7 Rfe8 26. Nb3 Kf6 27.
Re1 Bd5 28. Na5 Rb6 29. f4 b4 30. Nc4 Bxc4 31. dxc4 a5 32. Ra7 a4 33. Rxa4 Rxe7
34. Rxe7 Kxe7 35. Kf2 d5 36. cxd5 Kd6 37. Ra5 b3 38. Ke3 h6 39. Kd3 g5 40. fxg5
hxg5 41. Kc4 f4 42. h3 Rb8 43. Ra6+ Ke5 44. Re6+ Kf5 45. Re2 g4 46. hxg4+ Kxg4
47. d6 1-0

[Event "23rd ETCC Open 2021"]
[Site "Catez"]
[Date "2021.11.13"]
[Round "2.40"]
[White "Van den Doel, Erik"]
[Black "Davis, Lee"]
[Result "1-0"]
[ECO "B06"]
[WhiteElo "2594"]
[BlackElo "1972"]
[Annotator "ChessBase"]
[PlyCount "75"]
[EventDate "2021.11.08"]
[EventType "team-tourn"]
[EventCountry "SLO"]
[SourceTitle "playchess.com"]
[Source "ChessBase"]
[SourceQuality "1"]
[WhiteTeam "Netherlands"]
[BlackTeam "Wales"]
[WhiteTeamCountry "NED"]
[BlackTeamCountry "WLS"]
[TimeControl "40/5400+30:1800+30"]

1. e4 c6 2. Nf3 g6 3. d4 Bg7 4. h3 d6 5. Bd3 Nd7 6. O-O Qc7 7. c4 e5 8. d5 Ne7
9. Nc3 O-O 10. Be3 a6 11. Rb1 c5 12. b4 b6 13. Qc1 cxb4 14. Rxb4 Nc5 15. Bc2
Bd7 16. Qb2 Rfb8 17. Rb1 Nc8 18. Qc1 Be8 19. Ne1 f6 20. R4b2 Bf8 21. Nd3 Bd7
22. Nxc5 dxc5 23. Ba4 Bd6 24. Qd1 Bxa4 25. Nxa4 Rb7 26. h4 Rab8 27. h5 Kg7 28.
Qg4 b5 29. cxb5 axb5 30. Nxc5 Bxc5 31. h6+ Kf8 32. Rc1 Bxe3 33. Rxc7 Rxc7 34.
fxe3 Nd6 35. Qe6 Rc1+ 36. Kh2 Nxe4 37. d6 Re8 38. Qd7 1-0

[Event "23rd ETCC Open 2021"]
[Site "Catez"]
[Date "2021.11.13"]
[Round "2.46"]
[White "Banikas, Hristos"]
[Black "Docx, Stefan"]
[Result "1/2-1/2"]
[ECO "D31"]
[WhiteElo "2592"]
[BlackElo "2432"]
[Annotator "ChessBase"]
[PlyCount "73"]
[EventDate "2021.11.08"]
[EventType "team-tourn"]
[EventCountry "SLO"]
[SourceTitle "playchess.com"]
[Source "ChessBase"]
[SourceQuality "1"]
[WhiteTeam "Greece"]
[BlackTeam "Belgium"]
[WhiteTeamCountry "GRE"]
[BlackTeamCountry "BEL"]
[TimeControl "40/5400+30:1800+30"]

1. d4 d5 2. c4 c6 3. Nc3 Nf6 4. e3 e6 5. b3 Bb4 6. Bb2 Ne4 7. Qc2 e5 8. a3 exd4
9. axb4 dxc3 10. Bxc3 O-O 11. Bd3 Nxc3 12. Qxc3 dxc4 13. bxc4 Na6 14. Ne2 Qe7
15. c5 Nc7 16. O-O Nd5 17. Qa3 Rd8 18. Rfe1 Qf6 19. Nd4 h5 20. b5 cxb5 21. Bxb5
Ne7 22. Be2 Bg4 23. Bf1 Nc6 24. Nxc6 Qxc6 25. Qb4 g6 26. Reb1 Bf5 27. Rb2 a5
28. Qa3 Rd5 29. Rc1 Rc8 30. Rb5 Rcd8 31. Rxa5 Bd3 32. Ra8 Bxf1 33. Rxd8+ Rxd8
34. Rxf1 Rc8 35. Qb2 Qd5 36. h3 Rxc5 37. Ra1 1/2-1/2

[Event "23rd ETCC Open 2021"]
[Site "Catez"]
[Date "2021.11.13"]
[Round "2.47"]
[White "Beukema, Stefan"]
[Black "Pavlidis, Antonios"]
[Result "1/2-1/2"]
[ECO "B20"]
[WhiteElo "2408"]
[BlackElo "2536"]
[Annotator "ChessBase"]
[PlyCount "72"]
[EventDate "2021.11.08"]
[EventType "team-tourn"]
[EventCountry "SLO"]
[SourceTitle "playchess.com"]
[Source "ChessBase"]
[SourceQuality "1"]
[WhiteTeam "Belgium"]
[BlackTeam "Greece"]
[WhiteTeamCountry "BEL"]
[BlackTeamCountry "GRE"]
[TimeControl "40/5400+30:1800+30"]

1. f4 g6 2. Nf3 Bg7 3. d3 c5 4. g3 Nc6 5. Bg2 e6 6. O-O Nge7 7. c3 O-O 8. e4 d6
9. a4 b6 10. Be3 Ba6 11. Na3 d5 12. e5 d4 13. cxd4 cxd4 14. Bf2 Qd7 15. Nb5 Nf5
16. Re1 Rfd8 17. Rc1 Bxb5 18. axb5 Nce7 19. Qa4 Rac8 20. Rxc8 Rxc8 21. Nxd4
Nxd4 22. Bxd4 Nf5 23. Bf2 Qxd3 24. Qxa7 Qxb5 25. g4 Nh6 26. Qxb6 Qxb6 27. Bxb6
Rb8 28. Bc7 Rxb2 29. Rd1 Bf8 30. Rd8 Kg7 31. h3 Bc5+ 32. Kh2 Be3 33. Kg3 Bf2+
34. Kh2 Be3 35. Kg3 Bf2+ 36. Kh2 Be3 1/2-1/2

[Event "23rd ETCC Open 2021"]
[Site "Catez"]
[Date "2021.11.13"]
[Round "2.48"]
[White "Kelires, Andreas"]
[Black "Verstraeten, Rein"]
[Result "1-0"]
[ECO "A46"]
[WhiteElo "2535"]
[BlackElo "2386"]
[Annotator "ChessBase"]
[PlyCount "41"]
[EventDate "2021.11.08"]
[EventType "team-tourn"]
[EventCountry "SLO"]
[SourceTitle "playchess.com"]
[Source "ChessBase"]
[SourceQuality "1"]
[WhiteTeam "Greece"]
[BlackTeam "Belgium"]
[WhiteTeamCountry "GRE"]
[BlackTeamCountry "BEL"]
[TimeControl "40/5400+30:1800+30"]

1. d4 Nf6 2. Nf3 e6 3. g3 b5 4. Bg2 Bb7 5. Bg5 c5 6. O-O d5 7. Nc3 b4 8. Na4
cxd4 9. Nxd4 Nbd7 10. c4 bxc3 11. Nxc3 h6 12. Bxf6 Nxf6 13. Qa4+ Qd7 14. Ncb5
Rc8 15. Rac1 a6 16. Rxc8+ Bxc8 17. Nc7+ Ke7 18. Nc6+ Kd6 19. Rc1 e5 20. Qb4+
Kxc7 21. Qb8# 1-0

[Event "23rd ETCC Open 2021"]
[Site "Catez"]
[Date "2021.11.13"]
[Round "2.51"]
[White "Valsecchi, Alessio"]
[Black "Klabis, Rokas"]
[Result "1-0"]
[ECO "E48"]
[WhiteElo "2527"]
[BlackElo "2353"]
[Annotator "ChessBase"]
[PlyCount "73"]
[EventDate "2021.11.08"]
[EventType "team-tourn"]
[EventCountry "SLO"]
[SourceTitle "playchess.com"]
[Source "ChessBase"]
[SourceQuality "1"]
[WhiteTeam "Italy"]
[BlackTeam "Lithuania"]
[WhiteTeamCountry "ITA"]
[BlackTeamCountry "LTU"]
[TimeControl "40/5400+30:1800+30"]

1. d4 Nf6 2. c4 e6 3. Nc3 Bb4 4. e3 O-O 5. Bd3 d5 6. cxd5 exd5 7. Nge2 Re8 8.
Bd2 b6 9. Rc1 Bf8 10. O-O Bb7 11. Nf4 Nbd7 12. f3 c5 13. g4 h6 14. Rf2 a6 15.
h4 Bd6 16. Nce2 Nf8 17. Rg2 N6h7 18. Qe1 Ne6 19. Qf2 Nhf8 20. Nxe6 Nxe6 21. f4
Rc8 22. f5 Nf8 23. g5 hxg5 24. hxg5 cxd4 25. exd4 Rxc1+ 26. Bxc1 Bc8 27. Qh4
Bd7 28. f6 Ng6 29. Bxg6 fxg6 30. Rf2 Bf5 31. fxg7 Qe7 32. Qh8+ Kf7 33. Rxf5+
gxf5 34. g6+ Kxg6 35. g8=Q+ Rxg8 36. Qxg8+ Kh5 37. Bf4 1-0

[Event "23rd ETCC Open 2021"]
[Site "Catez"]
[Date "2021.11.13"]
[Round "2.52"]
[White "Brazdzionis, Andrius"]
[Black "Lodici, Lorenzo"]
[Result "0-1"]
[ECO "A79"]
[WhiteElo "2356"]
[BlackElo "2529"]
[Annotator "ChessBase"]
[PlyCount "96"]
[EventDate "2021.11.08"]
[EventType "team-tourn"]
[EventCountry "SLO"]
[SourceTitle "playchess.com"]
[Source "ChessBase"]
[SourceQuality "1"]
[WhiteTeam "Lithuania"]
[BlackTeam "Italy"]
[WhiteTeamCountry "LTU"]
[BlackTeamCountry "ITA"]
[TimeControl "40/5400+30:1800+30"]

1. d4 Nf6 2. c4 e6 3. Nf3 c5 4. d5 exd5 5. cxd5 d6 6. Nc3 g6 7. Nd2 Bg7 8. e4
O-O 9. Be2 Na6 10. O-O Nc7 11. a4 b6 12. Nc4 Re8 13. f3 Ba6 14. Kh1 Qd7 15. Bg5
Rab8 16. Qd2 Bxc4 17. Bxc4 a6 18. Be2 Ra8 19. g4 b5 20. a5 Qe7 21. Rae1 Qf8 22.
Bd1 Nd7 23. Bc2 Rac8 24. f4 b4 25. Nd1 Nb5 26. e5 dxe5 27. f5 Qd6 28. Ne3 Nd4
29. Be4 c4 30. f6 Bxf6 31. Bxf6 Nxf6 32. Bg2 Nd7 33. Qf2 f6 34. Rc1 c3 35. bxc3
bxc3 36. Qa2 Kg7 37. Qa4 Nb5 38. g5 Rf8 39. gxf6+ Rxf6 40. Rxf6 Nxf6 41. Nc4
Qc5 42. Nb6 Qe3 43. Qa1 Ng4 44. h3 Nf2+ 45. Kh2 Rf8 46. d6 Qf4+ 47. Kg1 Nd3 48.
Rxc3 Qd4+ 0-1

[Event "23rd ETCC Open 2021"]
[Site "Catez"]
[Date "2021.11.13"]
[Round "2.53"]
[White "Mehmeti, Dritan"]
[Black "Dragnev, Valentin"]
[Result "1/2-1/2"]
[ECO "D04"]
[WhiteElo "2391"]
[BlackElo "2548"]
[Annotator "ChessBase"]
[PlyCount "94"]
[EventDate "2021.11.08"]
[EventType "team-tourn"]
[EventCountry "SLO"]
[SourceTitle "playchess.com"]
[Source "ChessBase"]
[SourceQuality "1"]
[WhiteTeam "Albania"]
[BlackTeam "Austria"]
[WhiteTeamCountry "ALB"]
[BlackTeamCountry "AUT"]
[TimeControl "40/5400+30:1800+30"]

1. d4 Nf6 2. Nf3 g6 3. Nbd2 d5 4. e3 Bg7 5. Bd3 O-O 6. O-O c5 7. c3 Nfd7 8. e4
cxd4 9. cxd4 dxe4 10. Nxe4 Nc6 11. Bb5 Nb6 12. Bxc6 bxc6 13. h3 Be6 14. Re1 Nc4
15. b3 Nd6 16. Ba3 Bd5 17. Ned2 Re8 18. Bc5 Nb7 19. Qc2 Nxc5 20. Qxc5 Bf8 21.
Qc2 Rc8 22. Rad1 a5 23. a4 Qb6 24. Nc4 Qa7 25. Nfe5 Red8 26. Qd2 Ra8 27. Qf4
Rab8 28. Rd3 Rb4 29. Rc1 Rdb8 30. Ne3 f6 31. Nxc6 Bxc6 32. Rxc6 Rxb3 33. Rxb3
Rxb3 34. Rc8 Qd7 35. Ra8 Rb1+ 36. Kh2 Rb4 37. Qh6 Qd6+ 38. g3 Rb8 39. Rxb8 Qxb8
40. Qf4 Qxf4 41. gxf4 e6 42. Kg3 Bd6 43. Kf3 Kf7 44. Nc4 Bc7 45. Ke4 h5 46. f3
Ke7 47. d5 f5+ 1/2-1/2